 Dungeon Crawl Stone Soup version 0.30-a0-174-gbc10bd73c2 (webtiles) character file.

Game seed: 10186963108174080621

651 qw the Chopper (level 7, -14/43 HPs)
             Began as a Gargoyle Fighter on Oct 1, 2022.
             Demolished by a two-headed ogre
             ... wielding a +0 giant spiked club
              (18 damage)
             ... on level 5 of the Dungeon.
             The game lasted 00:01:26 (3278 turns).

qw the Chopper (Gargoyle Fighter)                   Turns: 3278, Time: 00:01:27

Health: -14/43     AC: 15    Str: 21    XL:     7   Next: 53%
Magic:  7/7        EV:  7    Int:  9    God:
Gold:   178        SH:  5    Dex: 15    Spells: 6/6 levels left

rFire   . . .      SeeInvis .    Y - +0 war axe
rCold   . . .      Faith    .    c - +0 buckler
rNeg    + . .      Spirit   .    k - +0 chain mail
rPois   inf        Reflect  .    (no helmet)
rElec   +          Harm     .    g - +0 cloak
rCorr   .          Rampage  .    (no gloves)
Will    .....                    (no boots)
Stlth   ..........               (no amulet)
HPRegen 0.27/turn                f - +6 ring of dexterity
MPRegen 0.10/turn                (no ring)

@: about to teleport
A: sickness immunity, AC +4, negative energy resistance 1, electricity
resistance, torment resistance 1, petrification resistance
a: no special abilities


You were on level 5 of the Dungeon.
You visited 1 branch of the dungeon, and saw 5 of its levels.

You collected 178 gold pieces.


Innate Abilities, Weirdness & Mutations

You are immune to sickness and miasma.
Your stone body is resilient. (AC +4)
You are immune to poison.
You resist negative energy. (rN+)
You are resistant to electric shocks. (rElec)
You are resistant to unholy torment.
You are immune to petrification.


   Skills:
 + Level 4.2 Fighting
 - Level 7.0 Axes
 - Level 3.2 Armour
 - Level 1.0 Dodging
 - Level 3.2 Shields


You had 6 spell levels left.
You didn't know any spells.
Your spell library was empty.

Inventory:

Hand Weapons
 l - a +0 morningstar
 Y - a +0 war axe (weapon)
Armour
 c - a +0 buckler (worn)
 g - a +0 cloak (worn)
 k - a +0 chain mail (worn)
Jewellery
 f - a +6 ring of dexterity (left hand)
Scrolls
 j - a scroll of identify
 n - a scroll of teleportation
Potions
 d - a potion of might
 e - a potion of cancellation
 h - a potion of ambrosia {unknown}
 i - a potion of lignification {unknown}
 m - a potion of curing
 o - a potion of brilliance {unknown}

Dungeon Overview and Level Annotations

Branches:
Dungeon (5/15)
 Temple: D:4-7

Altars:
Ashenzari
Qazlal

Shops:
D:2 (   D:4 [

Annotations:
D:4 1 runed translucent door, Crazy Yiuf


Message History

There is a stone staircase leading up here.
A two-headed ogre is nearby!
Existing waypoints: (1) D:4 (2) D:3 Assign waypoint to what number? (0-9, D - delete waypoint) Waypoint 2 re-assigned from D:3 to D:5.
Enter note: You completely miss the two-headed ogre.
You block the two-headed ogre's attack.
The two-headed ogre completely misses you.
You slash the two-headed ogre!
The two-headed ogre is moderately wounded.
You slash the two-headed ogre!
The two-headed ogre is heavily wounded.
The two-headed ogre barely misses you.
The two-headed ogre hits you with a +0 giant spiked club.
You hit the two-headed ogre.
The two-headed ogre is heavily wounded.
The two-headed ogre hits you with a +0 giant spiked club.
The two-headed ogre hits you but does no damage.
You slash the two-headed ogre!
The two-headed ogre is severely wounded.
The two-headed ogre hits you with a +0 giant spiked club.
You block the two-headed ogre's attack.
You hit the two-headed ogre.
The two-headed ogre is almost dead.
You block the two-headed ogre's attack.
The two-headed ogre hits you with a +0 giant spiked club!
You barely miss the two-headed ogre.
The two-headed ogre is almost dead.
You barely miss the two-headed ogre.
The two-headed ogre is almost dead.
The two-headed ogre hits you with a +0 giant spiked club!
The two-headed ogre barely misses you.
3278 ||| READING 2 scrolls of teleportation.
As you read the scroll of teleportation, it crumbles to dust.
You feel strangely unstable. You block the two-headed ogre's attack.
The two-headed ogre hits you with a +0 giant spiked club!!
You die...

... ..# ..#
####.#
.###....#
........##
#....O.###
#.@...#
#$..........
#..##.......#
....
#....#.## #..
.....# # #.
..#..# .
.###.. .# #..


You could see a two-headed ogre.

Vanquished Creatures
  Grinder (D:3)
  A water moccasin (D:4)
  A scorpion (D:4)
  2 hounds (D:4)
  An iguana (D:4)
  Jessica (D:3)
  An orc wizard (D:3)
  5 adders
  6 worms
  5 dart slugs
  7 orcs
  7 bats
  7 endoplasms
  A giant cockroach (D:3)
  5 goblins
  2 hobgoblins
  3 jackals (D:1)
  5 kobolds
  8 quokkas
  12 ball pythons
  5 frilled lizards
  6 rats
92 creatures vanquished.

Vanquished Creatures (others)
  A plant (D:3)
1 creature vanquished.

Grand Total: 93 creatures vanquished

Notes
Turn   | Place    | Note
-------+----------+-------------------------------------------
     0 | D:1      | qw the Gargoyle Fighter began the quest for the Orb.
     0 | D:1      | Reached XP level 1. HP: 14/14 MP: 1/1
     0 | D:1      | 0 ||| qw: Version: 0.2-a-13-gfc7b4b4
     0 | D:1      | 0 ||| qw: Game counter: 1850
     0 | D:1      | 0 ||| qw: Always use a shield: true
     0 | D:1      | 0 ||| qw: God list: Okawaru
     0 | D:1      | 0 ||| qw: Allow faded altars: false
     0 | D:1      | 0 ||| qw: Do Orc after D:15 true
     0 | D:1      | 0 ||| qw: Do second Lair branch before Depths: true
     0 | D:1      | 0 ||| qw: Lair rune preference: random
     0 | D:1      | 0 ||| qw: Plans: Normal, Zot:1-4, God:TSO, Crypt, Tomb,
                  | Pan, Slime:5, Hells, Abyss, Orb
     0 | D:1      | 0 ||| PLANNING D:1-11
    17 | D:1      | 17 ||| Stepping ~*~*~tactically~*~*~ (stealth).
    28 | D:1      | Reached skill level 2 in Axes
    42 | D:1      | Reached XP level 2. HP: 12/19 MP: 2/2
    84 | D:1      | 84 ||| DROPPING +0 club.
    97 | D:1      | 97 ||| Stepping ~*~*~tactically~*~*~ (hiding).
   380 | D:1      | 380 ||| Stepping ~*~*~tactically~*~*~ (hiding).
   405 | D:1      | Reached skill level 3 in Axes
   420 | D:1      | Reached XP level 3. HP: 23/23 MP: 3/3
   729 | D:1      | 729 ||| UPGRADING to +0 cloak.
   734 | D:1      | 734 ||| READING scroll labelled GATIVU LYI.
   735 | D:1      | 735 ||| READING scroll labelled TUCUESE BUM.
   736 | D:1      | 736 ||| READING 3 scrolls labelled CAIDEN LOTRUSH.
   737 | D:1      | 737 ||| READING scroll labelled ECVER FACSE.
   738 | D:1      | 738 ||| READING scroll labelled CEFA GUNUI.
   739 | D:1      | 739 ||| READING scroll labelled DIUJOU HAIR.
   740 | D:1      | 740 ||| DRINKING 2 yellow potions.
   741 | D:1      | 741 ||| READING 2 scrolls of identify.
   741 | D:1      | 741 ||| IDENTIFYING lumpy silvery potion
   759 | D:2      | Found a broken altar of Ashenzari.
   790 | D:2      | Found Tinatz's Antique Weapon Emporium.
   798 | D:2      | 798 ||| SHOPLISTING flail (91 gold, have 24).
   798 | D:2      | 798 ||| SHOPLISTING glowing flail (169 gold, have 24).
   927 | D:2      | 927 ||| Stepping ~*~*~tactically~*~*~ (stealth).
   944 | D:2      | Reached XP level 4. HP: 28/28 MP: 4/4
  1053 | D:2      | You fall into a shaft and drop 1 floor!
  1151 | D:3      | 1151 ||| Stepping ~*~*~tactically~*~*~ (stealth).
  1154 | D:3      | 1154 ||| Stepping ~*~*~tactically~*~*~ (stealth).
  1161 | D:3      | Reached skill level 4 in Axes
  1163 | D:3      | 1163 ||| DROPPING +0 mace.
  1192 | D:3      | Noticed Jessica
  1193 | D:3      | Noticed Grinder
  1199 | D:3      | Killed Jessica
  1199 | D:3      | Paralysed by Grinder for 4 turns
  1209 | D:3      | Paralysed by Grinder for 4 turns
  1214 | D:3      | HP: 7/28 [Grinder (1)]
  1215 | D:3      | 1215 ||| DRINKING potion of heal wounds.
  1217 | D:3      | Paralysed by Grinder for 3 turns
  1223 | D:3      | Killed Grinder
  1224 | D:3      | Reached skill level 5 in Axes
  1224 | D:3      | Reached XP level 5. HP: 21/32 MP: 5/5
  1224 | D:3      | Reached XP level 6. HP: 25/37 MP: 6/6
  1305 | D:3      | Found a stormy altar of Qazlal.
  1353 | D:3      | 1353 ||| Stepping ~*~*~tactically~*~*~ (stealth).
  1457 | D:3      | 1457 ||| UPGRADING to +6 ring of dexterity.
  1458 | D:3      | 1458 ||| READING scroll labelled APETSY HIEL.
  1459 | D:3      | 1459 ||| READING scroll labelled JEIXESI GUOG.
  1466 | D:3      | 1466 ||| Stepping ~*~*~tactically~*~*~ (hiding).
  1473 | D:3      | 1473 ||| DRINKING potion of curing.
  1473 | D:3      | 1473 ||| (to cure confusion)
  1640 | D:2      | 1640 ||| Stepping ~*~*~tactically~*~*~ (stealth).
  1641 | D:2      | 1641 ||| Stepping ~*~*~tactically~*~*~ (stealth).
  1643 | D:2      | 1643 ||| Stepping ~*~*~tactically~*~*~ (hiding).
  1701 | D:2      | 1701 ||| Stepping ~*~*~tactically~*~*~ (stealth).
  1708 | D:2      | 1708 ||| Stepping ~*~*~tactically~*~*~ (stealth).
  1726 | D:2      | 1726 ||| Stepping ~*~*~tactically~*~*~ (stealth).
  1735 | D:2      | Reached skill level 1 in Dodging
  1821 | D:2      | 1821 ||| Stepping ~*~*~tactically~*~*~ (hiding).
  1897 | D:2      | 1897 ||| Stepping ~*~*~tactically~*~*~ (hiding).
  1898 | D:2      | 1898 ||| Stepping ~*~*~tactically~*~*~ (hiding).
  2084 | D:2      | 2084 ||| UPGRADING to +0 chain mail.
  2094 | D:2      | 2094 ||| DROPPING +0 scale mail.
  2104 | D:3      | Found a faded altar of an unknown god.
  2108 | D:3      | 2108 ||| Stepping ~*~*~tactically~*~*~ (stealth).
  2120 | D:3      | 2120 ||| Stepping ~*~*~tactically~*~*~ (stealth).
  2599 | D:4      | Found a runed translucent door.
  2600 | D:4      | Noticed Crazy Yiuf
  2640 | D:4      | Reached skill level 6 in Axes
  2692 | D:4      | Reached XP level 7. HP: 38/43 MP: 7/7
  2884 | D:4      | Reached skill level 7 in Axes
  3185 | D:4      | Found El's Dragon-Slaying Spoils.
  3192 | D:4      | 3192 ||| SHOPLISTING +0 fire dragon scales (600 gold, have
                  | 178).
  3192 | D:4      | 3192 ||| SHOPLISTING +0 gold dragon scales (800 gold, have
                  | 178).
  3192 | D:4      | 3192 ||| SHOPLISTING +0 ice dragon scales of Beloved
                  | Miracles {rF- rC++ rN+} (712 gold, have 178).
  3192 | D:4      | 3192 ||| SHOPLISTING +0 pearl dragon scales (1000 gold,
                  | have 178).
  3192 | D:4      | 3192 ||| SHOPLISTING +0 shadow dragon scales (800 gold,
                  | have 178).
  3192 | D:4      | 3192 ||| SHOPLISTING +0 storm dragon scales (800 gold, have
                  | 178).
  3192 | D:4      | 3192 ||| SHOPLISTING +2 acid dragon scales (520 gold, have
                  | 178).
  3192 | D:4      | 3192 ||| SHOPLISTING quicksilver dragon scales of the
                  | Shoals {-Cast Harm Fly Will+ Str+4} (705 gold, have 178).
  3244 | D:4      | 3244 ||| DROPPING ring of wizardry.
  3245 | D:4      | 3245 ||| READING scroll labelled CUXETW QORATS.
  3246 | D:4      | 3246 ||| READING 4 scrolls of identify.
  3246 | D:4      | 3246 ||| IDENTIFYING murky red potion
  3247 | D:4      | 3247 ||| READING 3 scrolls of identify.
  3247 | D:4      | 3247 ||| IDENTIFYING bubbling white potion
  3248 | D:4      | 3248 ||| READING 2 scrolls of identify.
  3248 | D:4      | 3248 ||| IDENTIFYING purple potion
  3249 | D:4      | 3249 ||| DROPPING potion of invisibility.
  3250 | D:4      | 3250 ||| DROPPING potion of degeneration.
  3268 | D:5      | Entered Level 5 of the Dungeon
  3268 | D:5      | Noticed a two-headed ogre
  3277 | D:5      | HP: 3/43 [two-headed ogre/+0 giant spiked club (10)]
  3278 | D:5      | 3278 ||| READING 2 scrolls of teleportation.
  3278 | D:5      | Demolished by a two-headed ogre

Levels and vault maps discovered:
D:1:      minmay_arrival_open_corners, layout_loops_cross
D:2:      minmay_diamond_boxcup, layout_basic, serial_shops, shop, basic_altar,
          minmay_hexomino_u4
D:3:      layout_loops_ring, lemuel_doored_altar, basic_ecumenical_altar,
          dreamdust_princess_corridor, minmay_shallow_snake_nest, uniq_jessica,
          uniq_grinder
D:4:      layout_cave_pools, minmay_misc_feat_plants, nicolae_shop_dragon_depot,
          uniq_crazy_yiuf_cottage
D:5:      layout_cave_pools, minmay_overflow_temple_hex,
          minmay_temple_entry_drinking_statues, uniq_edmund

Skill      XL: |  1  2  3  4  5  6  7 |
---------------+----------------------+-----
Axes           | 2 3 5 6 7 |  7.0
Dodging        | 1 |  1.0
Fighting       | 4 |  4.2
Armour         | |  3.2
Shields        | |  3.2

Action                   |  1- 3 |  4- 6 |  7- 9 || total
-------------------------+-------+-------+-------++-------
Melee: War axe           |    88 |   140 |    51 ||   279
Throw: Boomerang         |       |    15 |    11 ||    26
  Use: Scroll            |     7 |     2 |     5 ||    14
       Potion            |     1 |     2 |       ||     3
Armor: Scale mail        |    57 |    36 |       ||    93
       Chain mail        |       |    23 |    17 ||    40
Dodge: Dodged            |    64 |    49 |    19 ||   132
Block: Buckler           |    20 |    23 |    16 ||    59

Table legend:
 A = Non-vault XP
 B = Vault XP
 C = Vault XP percentage of total XP
 D = Non-vault monster count
 E = Vault monster count
 F = Vault count percentage of total count
                 A         B        C        D         E       F
            +---------+---------+-------+---------+---------+-------
      Total |     570 |     360 |  38.7 |      75 |      17 |  18.5
            +---------+---------+-------+---------+---------+-------
        D:1 |      41 |       0 |   0.0 |      21 |       0 |   0.0
        D:2 |      81 |      28 |  25.7 |      22 |      10 |  31.2
        D:3 |      55 |     332 |  85.8 |      13 |       7 |  35.0
        D:4 |     393 |       0 |   0.0 |      19 |       0 |   0.0
            +---------+---------+-------+---------+---------+-------
